 Dungeon Crawl Stone Soup version 0.31-a0-329-g52107efa6a (webtiles) character file.

Game seed: 7066466016776225311

945 AdnanSaban the Cudgeller (level 8, -1/49 HPs)
             Began as a Gargoyle Fighter on July 19, 2023.
             Was an Initiate of Okawaru.
             Slain by an acid dragon (5 damage)
             ... on level 6 of the Dungeon.
             The game lasted 00:04:46 (4032 turns).

AdnanSaban the Cudgeller (Gargoyle Fighter)         Turns: 4032, Time: 00:04:46

Health: -1/49      AC: 12    Str: 23    XL:     8   Next: 13%
Magic:  8/8        EV:  8    Int:  8    God:    Okawaru [......]
Gold:   166        SH:  4    Dex:  9    Spells: 7/7 levels left

rFire   . . .        C - +1 flail (drain)
rCold   . . .        c - +0 buckler
rNeg    + + .        h - +0 chain mail
rPois   ∞            (no helmet)
rElec   +            (no cloak)
rCorr   .            k - +0 pair of gloves
SInv    +            (no boots)
Will    .....        (no amulet) Stlth
                     q - ring of positive energy
HPRegen 0.28/turn    t - ring of see invisible
MPRegen 0.11/turn

%: no passive effects
@: corroded
A: sickness immunity, AC +5, negative energy resistance 1, electricity
resistance, torment resistance 1, petrification resistance
a: Renounce Religion


You were on level 6 of the Dungeon.
You worshipped Okawaru.
Okawaru was noncommittal.
You visited 2 branches of the dungeon, and saw 7 of its levels.

You collected 166 gold pieces.

Inventory:

Hand Weapons
 C - a +1 flail of draining (weapon)
Missiles
 r - 3 throwing nets
Armour
 c - a +0 buckler (worn)
 h - a +0 chain mail (worn)
 k - a +0 pair of gloves (worn)
 y - a +2 pair of boots
Jewellery
 o - a ring of magical power
 q - a ring of positive energy (left hand)
 t - a ring of see invisible (right hand)
 A - a ring of fire
 B - a +6 ring of dexterity
 D - a ring of fire
 F - a +6 ring of intelligence
Wands
 x - a wand of charming (4)
Scrolls
 b - a scroll of vulnerability {unknown}
 e - 3 scrolls of identify {unknown}
 f - 4 scrolls of noise {unknown}
 g - 2 scrolls of amnesia {unknown}
 i - 4 scrolls of teleportation {unknown}
 j - a scroll of enchant weapon {unknown}
 n - a scroll of blinking {unknown}
 p - 2 scrolls of poison {unknown}
 s - a scroll of summoning {unknown}
 w - a scroll of fog {unknown}
Potions
 a - a potion of curing {unknown}
 d - a potion of might
 l - 2 potions of mutation {unknown}
 m - 2 potions of ambrosia {unknown}
 u - a potion of degeneration {unknown}
 v - a potion of attraction {unknown}
 z - a potion of heal wounds {unknown}
 E - a potion of cancellation {unknown}


   Skills:
 + Level 5.2 Fighting
 + Level 6.7 Maces & Flails
 + Level 5.4 Armour
 + Level 4.7 Shields


You had 7 spell levels left.
You didn't know any spells.
Your spell library contained the following spells:

 Spells                   Type           Power      Damage    Failure   Level
 Poisonous Vapours        Pois/Air       0%         N/A       99%         2
 Dazzling Flash           Conj/Hex       0%         N/A       100%        3
 Inner Flame              Hex/Fire       0%         N/A       100%        3
 Mephitic Cloud           Conj/Pois/Air  0%         N/A       100%        3
 Volatile Blastmotes      Fire/Tloc      0%         2d10      100%        3
 Freezing Cloud           Conj/Ice/Air   0%         6-21      100%        5
 Yara's Violent Unravell  Hex/Tmut       0%         3d3       100%        5
 Starburst                Conj/Fire      0%         6d3       100%        6
 Enfeeble                 Hex            0%         N/A       100%        7
 Maxwell's Capacitive Co  Air            0%         ∞         100%        8


Dungeon Overview and Level Annotations

Branches:
Dungeon (6/15)             Temple (1/1) D:5

Altars:
Ashenzari
Cheibriados
Dithmenos
Elyvilon
Fedhas
Gozag
Hepliaklqana
Kikubaaqudgha
Makhleb
Nemelex Xobeh
Okawaru
Qazlal
Ru
Sif Muna
Trog
Uskayaw
Wu Jian
Xom
Yredelemnul
Zin

Shops:
D:1 [   D:5 ?


Innate Abilities, Weirdness & Mutations

You are immune to sickness and miasma.
Your stone body is resilient. (AC +5)
You are immune to poison.
You resist negative energy. (rN+)
You are resistant to electric shocks. (rElec)
You are resistant to unholy torment.
You are immune to petrification.


Message History

g - 2 scrolls labelled MUUNWE TUDASOU (gained 1)
An orc warrior comes into view. It is wielding a +0 glaive.
The orc warrior shouts!
You hear a roar!
Found a longbow.
An acid dragon comes into view.
The orc warrior hits you but does no damage.
You hit the orc warrior. You drain the orc warrior.
The orc warrior is lightly wounded.
The orc warrior hits you with a +0 glaive.
You hit the orc warrior.
The orc warrior is moderately wounded.
The orc warrior hits you but does no damage.
You hit the orc warrior but do no damage.
You drain the orc warrior.
The orc warrior is heavily wounded.
The orc warrior hits you with a +0 glaive!
You closely miss the orc warrior.
The orc warrior is heavily wounded.
You block the acid dragon's attack.
The acid dragon claws you but does no damage.
The orc warrior barely misses you.
You hit the orc warrior.
The orc warrior is severely wounded.
You block the acid dragon's attack.
The acid dragon claws you but does no damage.
The orc warrior hits you with a +0 glaive.
You closely miss the orc warrior.
The orc warrior is heavily wounded.
The acid dragon barely misses you. The acid dragon claws you.
The orc warrior hits you with a +0 glaive.
You hit the orc warrior.
The orc warrior is severely wounded.
The acid dragon spits acid at you. The splash of acid hits you!!
Ouch! That really hurt!
* * * LOW HITPOINT WARNING * * *
The acid corrodes you! You block the orc warrior's attack.
The acid dragon attacks as you move away!
The acid dragon bites you.
You die...

....#.........########
....#........## .##
########.###.# ..#
###.####.###.# ###.#
.............# ##.#.#
.............# ##.#..#
.............# #.###.#
.............#.####.#..#
..<.........)#.o@#.###.#
.#..#.##..##.##D#.#.#..#
############..########.#
#............#
#...........##
#..........##
#..........#
#..........#
####...##..#


You could see an orc warrior (very drained) and an acid dragon (catching
breath).

Vanquished Creatures
  Grinder (D:4)
  Menkaure (D:4)
  A centaur (D:6)
  A phantom (D:4)
  A bullfrog (D:6)
  2 hounds
  A jelly (D:5)
  2 iguanas
  2 orc wizards (D:5)
  A sleepcap (D:5)
  6 gnolls
  7 adders
  A white imp (D:5)
  2 dart slugs
  6 orcs
  8 endoplasms
  2 giant cockroaches (D:2)
  7 goblins
  4 hobgoblins
  4 jackals (D:5)
  4 kobolds
  3 quokkas
  4 ball pythons (D:1)
  7 bats
  4 frilled lizards
  5 rats
87 creatures vanquished.

Notes
Turn   | Place    | Note
-------+----------+-------------------------------------------
     0 | D:1      | AdnanSaban the Gargoyle Fighter began the quest for the
                  | Orb.
     0 | D:1      | Reached XP level 1. HP: 14/14 MP: 1/1
   288 | D:1      | Reached XP level 2. HP: 14/19 MP: 2/2
   535 | D:1      | Found Fuurch's Antique Armour Boutique.
  1065 | D:2      | Reached XP level 3. HP: 22/23 MP: 3/3
  1326 | D:2      | Found a sacrificial altar of Ru.
  1401 | D:2      | Found a faded altar of an unknown god.
  1739 | D:3      | Reached XP level 4. HP: 29/29 MP: 4/4
  1964 | D:4      | Noticed a phantom
  2002 | D:3      | Reached skill level 3 in Maces & Flails
  2088 | D:4      | Killed a phantom
  2089 | D:4      | Reached XP level 5. HP: 18/33 MP: 5/5
  2092 | D:4      | Reached skill level 4 in Maces & Flails
  2416 | D:4      | Reached XP level 6. HP: 38/38 MP: 6/6
  2418 | D:4      | Noticed Grinder
  2424 | D:4      | Noticed Menkaure
  2427 | D:4      | Paralysed by Grinder for 2 turns
  2531 | D:4      | Killed Menkaure
  2626 | D:4      | Paralysed by Grinder for 2 turns
  2633 | D:4      | Killed Grinder
  2634 | D:4      | Reached skill level 5 in Maces & Flails
  2634 | D:4      | Reached XP level 7. HP: 38/44 MP: 7/7
  2829 | D:5      | Entered Level 5 of the Dungeon
  2874 | D:5      | Identified the +0 scale mail of Temperance {rN+}
  2898 | D:5      | Reached skill level 5 in Armour
  2986 | D:5      | Reached skill level 6 in Maces & Flails
  3120 | D:5      | Found Coeroa Akhy's Magic Scroll Shop.
  3278 | D:5      | Found a staircase to the Ecumenical Temple.
  3291 | Temple   | Entered the Ecumenical Temple
  3311 | Temple   | Became a worshipper of Warmaster Okawaru
  3369 | D:5      | Reached skill level 5 in Fighting
  3846 | D:6      | Reached XP level 8. HP: 30/49 MP: 8/8
  4032 | D:6      | Slain by an acid dragon

Illustrated notes

Levels and vault maps discovered:
D:1:      nagdon_arrival_zigzag_paths, layout_loops_corners, serial_shops,
          nicolae_shop_scrapyard
D:2:      layout_rooms, dreamdust_ecumenical_altar_angels_and_demons,
          basic_altar, hex_tiny
D:3:      layout_rooms, chequers_serial_rivers_small_b, st_stairs_13,
          chequers_big_river
D:4:      layout_cave_pools, uniq_grinder, uniq_menkaure
D:5:      layout_rooms, minmay_temple_entry_purple_smoke, serial_shops,
          nicolae_square_shop, nicolae_eternal_life, minivault_23,
          chequers_hall_statues_y
D:6:      layout_gridville, dreamdust_princess_bridge, palyth_stone_intersect,
          minmay_small_thing
Temple:   mainiacjoe_temple_cubbyholes

Skill      XL: |  1  2  3  4  5  6  7 |
---------------+----------------------+-----
Armour         | 4 5 |  5.4
Maces & Flails | 3 4 5 6 |  6.7
Fighting       | 4 5 |  5.2
Shields        | 4 |  4.7

Action                     |  1- 3 |  4- 6 |  7- 9 || total
---------------------------+-------+-------+-------++-------
  Melee: Flail             |   135 |   105 |    96 ||   336
 Armour: Scale mail        |    13 |       |       ||    13
         Chain mail        |    73 |    86 |    56 ||   215
  Dodge: Dodged            |    50 |    59 |    42 ||   151
  Block: Buckler           |    30 |    21 |    29 ||    80

Table legend: (Time is in decaauts)
 A = Elapsed time spent in this place.
 B = Non-inter-level travel time spent in this place.
 C = Inter-level travel time spent in this place.
 D = Time resting spent in this place.
 E = Time spent auto-exploring this place.
 F = Levels seen in this place.
 G = Mean time per level.
                   A        B        C        D        E       F      G
               +--------+--------+--------+--------+--------+-----+--------+
         Total |   4129 |   3949 |    180 |     76 |   3039 |   7 |  589.9 |
       Dungeon |   4090 |   3946 |    144 |     76 |   3039 |   6 |  681.7 |
        Temple |     38 |      2 |     36 |      0 |      0 |   1 |   38.0 |
               +--------+--------+--------+--------+--------+-----+--------+

Top non-repeatable levels by time:
     D:1: 1010 daAuts
     D:4: 744 daAuts
     D:3: 694 daAuts
     D:5: 619 daAuts
     D:6: 556 daAuts
     D:2: 465 daAuts
  Temple: 38 daAuts
